 Dungeon Crawl Stone Soup version 0.28.0-53-g5a82cb258f (webtiles) character file.

Game seed: 15955917569466791335

35 Sin92 the Magician (level 3, -1/24 HPs)
             Began as a Demonspawn Hedge Wizard on July 9, 2022.
             Slain by a goblin
             ... wielding a +0 club
              (3 damage)
             ... on level 1 of the Dungeon.
             The game lasted 00:01:22 (858 turns).

Sin92 the Magician (Demonspawn Hedge Wizard)         Turns: 858, Time: 00:01:23

Health: -1/24      AC:  3    Str: 10    XL:     3   Next: 16%
Magic:  1/7        EV: 12    Int: 15    God:
Gold:   54         SH:  0    Dex: 14    Spells: 7/8 levels left

rFire   . . .      SeeInvis .   a - +0 dagger
rCold   . . .      Faith    .   (no shield)
rNeg    . . .      Spirit   .   b - +0 robe
rPois   .          Reflect  .   c - +0 hat
rElec   .          Harm     .   (no cloak)
rCorr   .          Rampage  .   (no gloves)
Will    .....                   (no boots)
Stlth   ++........              (no amulet)
HPRegen 0.08/turn               (no ring)
MPRegen 0.10/turn               (no ring)

@: no status effects
A: sharp scales 1
a: no special abilities


You were on level 1 of the Dungeon.
You visited 1 branch of the dungeon, and saw 1 of its levels.

You collected 54 gold pieces.

Inventory:

Hand Weapons
 a - a +0 dagger (weapon)
Armour
 b - a +0 robe (worn)
 c - a +0 hat (worn)
Scrolls
 e - a scroll of teleportation {unknown}
Potions
 d - a potion of might {unknown}
 f - a potion of flight {unknown}
 g - a potion of degeneration {unknown}


   Skills:
 + Level 2.1 Dodging
 + Level 2.1 Stealth
 * Level 3.4 Spellcasting
 + Level 1.5 Conjurations
 - Level 1.0 Summonings
 + Level 1.3 Translocations


You had 7 spell levels left.
You knew the following spells:

 Your Spells              Type           Power      Damage    Failure   Level
a - Magic Dart            Conj           28%        1d4       11%         1

Your spell library contained the following spells:

 Spells                   Type           Power      Damage    Failure   Level
 Blink                    Tloc           12%        N/A       17%         2
 Slow                     Hex            8%         N/A       19%         1
 Call Imp                 Summ           5%         N/A       19%         2
 Conjure Flame            Conj/Fire      4%         6-21      38%         3
 Mephitic Cloud           Conj/Pois/Air  4%         N/A       43%         3


Dungeon Overview and Level Annotations

Branches:
Dungeon (1/15)

Altars:


Innate Abilities, Weirdness & Mutations

You are partially covered in razor-sharp scales. (AC +1, Slay +1)


Message History

Aim: a rat (100% to hit)
The magic dart hits the rat but does no damage.
The rat closely misses you.
Aiming: Magic Dart (safe; 11% risk of failure)
Press: ? - help, Q - select action Shift-Dir - straight line, f/p - rat
Aim: a rat (100% to hit)
The magic dart hits the rat.
The rat is moderately wounded.
The rat closely misses you.
Unknown command.
Aiming: Magic Dart (safe; 11% risk of failure)
Press: ? - help, Q - select action Shift-Dir - straight line, f/p - rat
Aim: a rat (moderately wounded, 100% to hit)
The magic dart hits the rat.
You kill the rat!
You hit the endoplasm but do no damage.
The endoplasm hits you but does no damage.
You hit the endoplasm.
The endoplasm is severely wounded.
The endoplasm freezes you.
You are frozen.
* * * LOW HITPOINT WARNING * * *
You hit the endoplasm.
You kill the endoplasm!
A goblin comes into view. It is wielding a +0 club.
The goblin shouts!
You hit the hobgoblin.
The hobgoblin is lightly wounded.
The hobgoblin closely misses you.
You hit the hobgoblin.
The hobgoblin is moderately wounded.
The hobgoblin hits you.
* * * LOW HITPOINT WARNING * * *
You hit the hobgoblin but do no damage. Your punch misses the hobgoblin.
The hobgoblin is moderately wounded.
The hobgoblin barely misses you.
You hit the hobgoblin.
You kill the hobgoblin!
You barely miss the goblin. The goblin hits you with a +0 club.
You die...

............###......#.####
............# ###..#.#.....
............######.#.######
......S........)...........
........#..########...###..
#......)#..# #...# ###
#......r...# ####...# ###
.K.......#g#####......###..
.......###@#...#..........#
....... #.# #........#.#.#
.......###.###.#..)...#....
....#.................#.#.#
K......#####.#.##.........#
(....... #...####.....#.#
.. .... .. ##..####.......#
###.##.....#.#..#..#
.........####..>....#


You could see a goblin.

Vanquished Creatures
  A dart slug (D:1)
  2 ball pythons (D:1)
  A bat (D:1)
  4 endoplasms (D:1)
  5 giant cockroaches (D:1)
  3 goblins (D:1)
  4 hobgoblins (D:1)
  A quokka (D:1)
  3 frilled lizards (D:1)
  2 kobolds (D:1)
  2 rats (D:1)
28 creatures vanquished.

Notes
Turn   | Place    | Note
-------+----------+-------------------------------------------
     0 | D:1      | Sin92 the Demonspawn Hedge Wizard began the quest for the
                  | Orb.
     0 | D:1      | Reached XP level 1. HP: 13/13 MP: 4/4
   164 | D:1      | Reached skill level 1 in Translocations
   370 | D:1      | Gained mutation: You are partially covered in razor-sharp
                  | scales. (AC +1, Slay +1) [demonic ancestry]
   370 | D:1      | Reached XP level 2. HP: 12/19 MP: 3/6
   840 | D:1      | Reached XP level 3. HP: 11/24 MP: 2/7
   858 | D:1      | Slain by a goblin

Illustrated notes

Levels and vault maps discovered:
D:1:      dpeg_arrival_rooms_with_view, layout_basic

Skill      XL: |  1  2 |
---------------+-------+-----
Translocations | 1 |  1.3
Dodging        | 2 |  2.1
Stealth        | 2 |  2.1
Spellcasting   | |  3.4
Conjurations   | |  1.5
Summonings     | |  1.0

Action                   || total
-------------------------++-------
Melee: Dagger            ||    83
 Cast: Magic Dart        ||    28
 Stab: Sleeping          ||     1
Armor: Robe              ||    21
Dodge: Dodged            ||    64
